 Dungeon Crawl Stone Soup version 0.27.0 (webtiles) character file.

Game seed: 16366109501447233699

117 snetch the Ducker (level 5, 0/38 HPs)
             Began as a Djinni Fire Elementalist on July 30, 2021.
             Was a Believer of Trog.
             Slain by Purgy (3 damage)
             ... on level 3 of the Dungeon.
             The game lasted 00:07:46 (2183 turns).

snetch the Ducker (Djinni Fire Elementalist)        Turns: 2183, Time: 00:07:46

Health: 0/38       AC:  5    Str:  8    XL:     5   Next: 22%
Gold:   55         EV: 16    Int: 17    God:    Trog [**....] SH:  0 Dex: 13

rFire    + + .     SeeInvis .   a - +1 short sword (venom)
rCold    x . .     Faith    .   (no shield)
rNeg     . . .     Spirit   .   i - +0 leather armour
rPois    ∞         Reflect  .   (no helmet)
rElec    .         Harm     .   w - +0 cloak
rCorr    .         Rampage  .   u - +0 pair of gloves
Will     .....                  (boots unavailable)
Stlth    ++........             (no amulet)
HPRegen  0.12/turn              l - +4 ring of evasion
MPRegen  0.00/turn              (no ring)

@: flying
A: sickness immunity, fire resistance 2, cold vulnerability 1, float, innate
caster, hp casting, extra vitality 1
a: Renounce Religion, Berserk, Trog's Hand


You were on level 3 of the Dungeon.
You worshipped Trog.
Trog was pleased with you.
You visited 1 branch of the dungeon, and saw 3 of its levels.

You collected 55 gold pieces.

Inventory:

Hand Weapons
 a - a +1 short sword of venom (weapon)
 b - a +3 quarterstaff of chaos
Missiles
 d - 24 poisoned darts (quivered)
 e - 19 stones
 k - 4 silver boomerangs
 q - 15 arrows
 r - 15 bolts
Armour
 i - a +0 leather armour (worn)
 m - a +0 chain mail
 u - a +0 pair of gloves (worn)
 w - a +0 cloak (worn)
Jewellery
 l - a +4 ring of evasion (left hand)
Wands
 p - a wand of polymorph (5)
Scrolls
 f - a scroll of amnesia {unknown}
 j - a scroll of fear {unknown}
 n - a scroll of magic mapping {unknown}
 o - a scroll of teleportation {unknown}
 s - a scroll of blinking {unknown}
 t - a scroll of identify {unknown}
Potions
 c - 2 potions of flight {unknown}
 g - a potion of heal wounds {unknown}
 v - 2 potions of invisibility {unknown}


   Skills:
 * Level 2.1 Fighting
 - Level 0.8 Short Blades
 + Level 1.2 Throwing
 + Level 0.9 Armour
 + Level 2.8 Dodging
 + Level 2.1 Stealth
 - Level 2.7 Spellcasting


You couldn't memorise any spells.
You knew the following spells:

 Your Spells              Type           Power      Damage    Failure   Level
a - Foxfire               Conj/Fire      44%        2x1d6     9%          1
b - Conjure Flame         Conj/Fire      11%        6-21      24%         3
c - Inner Flame           Hex/Fire       11%        N/A       24%         3
d - Sticky Flame          Conj/Fire      11%        2d3       63%         4
e - Fireball              Conj/Fire      5%         3d5       92%         5
f - Sting                 Tmut/Pois      44%        1d5       9%          1
g - Call Imp              Summ           11%        N/A       12%         2
Your spell library was empty.

Dungeon Overview and Level Annotations

Branches:
Dungeon (3/15)

Altars:
Trog

Shops:
D:1 ((:

Annotations:
D:3 Purgy


Innate Abilities, Weirdness & Mutations

You are immune to sickness and miasma.
You are immune to poison.
Your flesh is very heat resistant. (rF++)
You are vulnerable to cold. (rC-)
You float through the air rather than walking.
You learn spells naturally, not from books.
Your magical power is your life essence.
You have superior vitality. (+4 HP)


Message History

Purgy bites you. Purgy misses you. Purgy claws you.
You closely miss Purgy.
Purgy is moderately wounded.
Purgy bites you but does no damage. Purgy claws you but does no damage. x2
You barely miss Purgy.
Purgy is moderately wounded.
Purgy bites you but does no damage. Purgy misses you. Purgy claws you.
You barely miss Purgy.
Purgy is moderately wounded.
Purgy bites you. Purgy claws you. x2
You hit Purgy.
Purgy looks as sick as possible!
Purgy is heavily wounded.
Purgy bites you but does no damage. Purgy closely misses you. Purgy misses you.
You hit Purgy.
Purgy is heavily wounded.
Purgy bites you!
* * * LOW HITPOINT WARNING * * *
Purgy misses you. x2
You miss Purgy.
Purgy is severely wounded.
Purgy misses you. Purgy claws you.
* * * LOW HITPOINT WARNING * * *
Purgy barely misses you.
Unknown command.
An adder comes into view.
You closely miss Purgy.
Purgy is severely wounded.
Purgy bites you.
* * * LOW HITPOINT WARNING * * *
Purgy closely misses you. Purgy misses you.
You closely miss Purgy.
Purgy is severely wounded.
Purgy misses you. Purgy barely misses you. Purgy claws you.
* * * LOW HITPOINT WARNING * * *
Found a stone staircase leading down.
Found 13 gold pieces.
You closely miss Purgy.
Purgy is severely wounded.
Purgy bites you.
You die...

... ............#...
#..## #####...[....#
##.# S....(........# ###
######.......##
##.....## ##...## #..##
##.########..#####
.......@T......$...
##.###.####..###########
#. #..#######.... ..
.............# ##.
..#### #.<.. #. >.#
######.### #. #..#
#......# # #. .#
#..###.### #. #†...


You could see Purgy (poisoned).

Vanquished Creatures
  Crazy Yiuf (D:2)
  Jessica (D:2)
  3 adders (D:2)
  A dart slug (D:1)
  3 bats
  3 giant cockroaches
  4 goblins
  3 hobgoblins
  2 jackals (D:2)
  2 kobolds (D:1)
  A quokka (D:2)
  2 ball pythons (D:2)
  4 frilled lizards
  4 rats
34 creatures vanquished.

Vanquished Creatures (others)
  24 foxfires (D:1)
24 creatures vanquished.

Grand Total: 58 creatures vanquished

Notes
Turn   | Place    | Note
-------+----------+-------------------------------------------
     0 | D:1      | snetch the Djinni Fire Elementalist began the quest for the
                  | Orb.
     0 | D:1      | Reached XP level 1. HP: 15/15 MP: 0/0
    52 | D:1      | Found Ylothatoy's Weapon Boutique.
   109 | D:1      | Found Piciunnue's Book Shop.
   385 | D:1      | Reached XP level 2. HP: 18/21 MP: 0/0
   457 | D:1      | Found a faded altar of an unknown god.
   463 | D:1      | Became a worshipper of Trog the Wrathful
   463 | D:1      | Reached * piety under Trog
   631 | D:1      | Found Ydiaporr's Weapon Boutique.
  1067 | D:2      | Reached skill level 1 in Fighting
  1067 | D:2      | Reached XP level 3. HP: 25/27 MP: 0/0
  1067 | D:2      | Learned a level 1 spell: Sting
  1218 | D:2      | Reached XP level 4. HP: 32/32 MP: 0/0
  1307 | D:2      | Noticed Jessica
  1315 | D:2      | Killed Jessica
  1315 | D:2      | Reached ** piety under Trog
  1316 | D:2      | Reached skill level 1 in Throwing
  1475 | D:2      | Found a runed translucent door.
  1476 | D:2      | Noticed Crazy Yiuf
  2029 | D:2      | Killed Crazy Yiuf
  2030 | D:2      | Reached XP level 5. HP: 38/38 MP: 0/0
  2030 | D:2      | Learned a level 2 spell: Call Imp
  2151 | D:3      | Noticed Purgy
  2183 | D:3      | Slain by Purgy

Illustrated notes

Levels and vault maps discovered:
D:1:      dpeg_arrival_round_b, layout_basic, serial_shops, shop, shop, shop,
          hellmonk_ecumenical_altar_run_dry, minivault_24
D:2:      layout_loops_cross, uniq_crazy_yiuf_cottage, uniq_jessica
D:3:      layout_loops_ring, nicolae_overflow_hidden_temple,
          kennysheep_nondescript, uniq_robin, uniq_purgy

Skill      XL: |  1  2  3  4 |
---------------+-------------+-----
Fighting       | 1 2 |  2.1
Stealth        | 2 |  2.1
Throwing       | 1 |  1.2
Short Blades   | |  0.8
Armour         | |  0.9
Dodging        | |  2.8
Spellcasting   | |  2.7

Action                   |  1- 3 |  4- 6 || total
-------------------------+-------+-------++-------
Melee: Club              |     9 |       ||     9
       Short sword       |    19 |    45 ||    64
       Quarterstaff      |       |     6 ||     6
Throw: Dart              |    20 |    15 ||    35
       Stone             |     3 |       ||     3
 Cast: Foxfire           |    16 |       ||    16
Armor: Robe              |     2 |       ||     2
       Leather armour    |     2 |    13 ||    15
Dodge: Dodged            |    31 |    56 ||    87
